 Dungeon Crawl Stone Soup version 0.25-a0-403-g49d089a364 (webtiles) character file.

Game seed: 5522835468147966639, levelgen mode: deterministic

63 kae the Gusty (level 3, -3/26 HPs)
             Began as a Draconian Air Elementalist on Jan 9, 2020.
             Slain by an orc
             ... wielding a +0 club
              (5 damage)
             ... on level 3 of the Dungeon.
             The game lasted 00:02:50 (2100 turns).

kae the Gusty (Draconian Air Elementalist)          Turns: 2100, Time: 00:02:50

Health: -3/26      AC:  5    Str: 10    XL:     3   Next: 87%
Magic:  3/6        EV: 12    Int: 16    God:
Gold:   35         SH:  0    Dex: 11    Spells: 1/7 levels left

rFire    . . .     SeeInvis .   (no weapon)
rCold    . . .     Gourm    .   (no shield)
rNeg     . . .     Faith    .   (armour unavailable)
rPois    .         Spirit   .   (helmet restricted)
rElec    .         Reflect  .   (no cloak)
rCorr    .         Harm     .   (no gloves)
MR       .....                  (no boots)
Stlth    ++........             (no amulet)
HPRegen  0.08/turn              (no ring)
MPRegen  0.10/turn              (no ring)

@: berserk cooldown
A: unfitting armour, cold-blooded, AC +5
a: no special abilities


You were on level 3 of the Dungeon.
You were not hungry.

You visited 1 branch of the dungeon, and saw 3 of its levels.

You collected 35 gold pieces.

Inventory:

Scrolls
 c - 2 scrolls of remove curse
 g - a scroll of magic mapping
Potions
 a - a potion of berserk rage
Comestibles
 b - 4 rations


   Skills:
 - Level 1.7 Dodging
 - Level 1.7 Stealth
 + Level 2.6 Spellcasting
 + Level 1.9 Conjurations
 * Level 4.0 Air Magic


You had one spell level left.
You knew the following spells:

 Your Spells              Type           Power        Failure   Level  Hunger
a - Shock                 Conj/Air       ##..         5%          1    #......
b - Static Discharge      Conj/Air       ##......     17%         3    ###....
c - Swiftness             Chrm/Air       #.......     13%         2    ##.....

Your spell library contained the following spells:

 Spells                   Type           Power        Failure   Level  Hunger
 Magic Dart               Conj           #...         9%          1    #......
 Mephitic Cloud           Conj/Pois/Air  #.......     26%         3    ###....
 Blink                    Tloc           N/A          30%         2    ##.....
 Call Imp                 Summ           #.......     30%         2    ##.....
 Slow                     Hex            #.......     30%         2    ##.....
 Conjure Flame            Conj/Fire      #.......     36%         3    ###....
 Airstrike                Air            ###.......   36%         4    #####..
 Lightning Bolt           Conj/Air       ##........   83%         5    ######.


Dungeon Overview and Level Annotations

Branches:
Dungeon (3/15)

Altars:

Annotations:
D:3 Grinder


Innate Abilities, Weirdness & Mutations

Your plain brown scales are hard. (AC +5)
You cannot fit into any form of body armour.
You are cold-blooded and may be slowed by cold attacks.


Message History

The hobgoblin hits you but does no damage.
Casting: Shock (safe; 6% risk of failure)
Confirm with . or Enter, or press ? or * to list all spells.
Aiming: Shock (safe; 6% risk of failure)
Press: ? - help, Shift-Dir - straight line, f/p - hobgoblin
Aim: a hobgoblin (almost dead)
The zap hits the hobgoblin.
You kill the hobgoblin!
The orc hits you with a +0 flail.
* * * LOW HITPOINT WARNING * * *
Casting: Shock (safe; 5% risk of failure)
Confirm with . or Enter, or press ? or * to list all spells.
Aiming: Shock (safe; 5% risk of failure)
Press: ? - help, Shift-Dir - straight line, f - orc
Aim: an orc, wielding a +0 club The zap hits the orc.
The orc is moderately wounded.
You feel yourself speed up. The orc hits you with a +0 club.
You die...

#># #............####.#
######.####.####....o..#
#...#.## #......#######
####...# ######5#
#####..## #.# ........#
#.# ###.###.# #.# ... .#
#o# #.. .# #@# ... ..
#o# #.


.oo #. ..o.o ##...#. ##..#.# .... . #..# # You could see Grinder, an orc priest
and 5 orcs.

Vanquished Creatures
  A gnoll (D:2)
  An ooze (D:1)
  A dart slug (D:2)
  A leopard gecko (D:1)
  4 bats
  A giant cockroach (D:1)
  3 goblins (D:1)
  12 hobgoblins
  4 jackals (D:1)
  A frilled lizard (D:2)
  4 kobolds
  8 rats
41 creatures vanquished.

Notes
Turn   | Place    | Note
-------+----------+-------------------------------------------
     0 | D:1      | kae the Draconian Air Elementalist began the quest for the
                  | Orb.
     0 | D:1      | Reached XP level 1. HP: 14/14 MP: 3/3
   422 | D:1      | Reached XP level 2. HP: 16/20 MP: 5/5
   945 | D:1      | Reached XP level 3. HP: 16/26 MP: 0/6
  1674 | D:3      | Learned a level 3 spell: Static Discharge
  1677 | D:3      | Learned a level 2 spell: Swiftness
  1898 | D:2      | Reached skill level 4 in Air Magic
  2065 | D:2      | You fall into a shaft and drop 1 floor!
  2074 | D:3      | Noticed Grinder
  2086 | D:3      | Paralysed by Grinder for 4 turns
  2100 | D:3      | Slain by an orc

Levels and vault maps discovered:
D:1:      onia_arrival_mini_maze_b, layout_loops_ring
D:2:      layout_loops_ring, chequers_serial_rivers_micro_e
D:3:      layout_loops_corners, overflow_temple_1_default,
          nicolae_overflow_hidden_temple, kennysheep_slug_shrine,
          old_standard_altar, kennysheep_cross_bottleneck, st_stairs_3,
          nicolae_ru_great_annihilating_truth, uniq_grinder

Skill      XL: |  1  2  3 |
---------------+----------+-----
Air Magic      | 4 |  4.0
Dodging        | |  1.7
Stealth        | |  1.7
Spellcasting   | |  2.6
Conjurations   | |  1.9

Action                   || total
-------------------------++-------
Melee: Unarmed           ||   117
       Tailslap          ||    11
 Cast: Shock             ||    66
  Use: Scroll            ||     5
       Potion            ||     2
  Eat: Chunk             ||     5
Armor: Skin              ||    38
Dodge: Dodged            ||    93

Table legend:
 A = Non-vault XP
 B = Vault XP
 C = Vault XP percentage of total XP
 D = Non-vault monster count
 E = Vault monster count
 F = Vault count percentage of total count
                 A         B        C        D         E       F
            +---------+---------+-------+---------+---------+-------
      Total |      90 |       0 |   0.0 |      41 |       0 |   0.0
            +---------+---------+-------+---------+---------+-------
        D:1 |      55 |       0 |   0.0 |      27 |       0 |   0.0
        D:2 |      30 |       0 |   0.0 |      11 |       0 |   0.0
        D:3 |       5 |       0 |   0.0 |       3 |       0 |   0.0
            +---------+---------+-------+---------+---------+-------
